 Dungeon Crawl Stone Soup version 0.20-a0-309-gcba9277 (webtiles) character file.

43201 RogueShenanigans the Thaumaturge (level 13, -11/80 HPs)
             Began as a Deep Elf Conjurer on Dec 19, 2016.
             Was a High Priest of Vehumet.
             Mangled by a catoblepas (30 damage)
             ... on level 6 of the Lair of Beasts.
             The game lasted 00:59:41 (19829 turns).

RogueShenanigans the Thaumaturge (DECj)            Turns: 19829, Time: 00:59:42

Health: -11/80     AC:  8    Str:  5    XL:     13   Next: 89%
Magic:  23/33      EV: 17    Int: 26    God:    Vehumet [*****.]
Gold:   978        SH:  0    Dex: 15    Spells: 7/40 levels left

rFire  + . .     SeeInvis .     m - +1 dagger
rCold  x . .     Gourm    .     w - +1 troll leather armour
rNeg   . . .     Faith    .     (no shield)
rPois  .         Spirit   .     K - +2 hat
rElec  .         Reflect  .     (no cloak)
rCorr  .         Harm     .     A - +0 pair of gloves
MR     +....                    (no boots)
Stlth  +.........               (no amulet)
                                M - ring of fire
                                s - ring of wizardry

@: silence
A: no striking features
a: Renounce Religion


You were on level 6 of the Lair of Beasts.
You worshipped Vehumet.
Vehumet was extremely pleased with you.
You were very hungry.

You visited 3 branches of the dungeon, and saw 17 of its levels.
You also visited: Sewer.

You collected 978 gold pieces.

Inventory:

Hand Weapons
 m - a +1 dagger (weapon)
 o - a -2 dagger
Armour
 a - a +0 robe
 w - a +1 troll leather armour (worn)
 A - a +0 pair of gloves (worn)
 K - a +2 hat (worn)
Jewellery
 s - a ring of wizardry (left hand)
 G - an uncursed ring of flight
 M - a ring of fire (right hand)
 V - a +3 ring of strength {unknown}
Wands
 n - a wand of confusion (7/48)
 t - a wand of acid (7/15)
 C - a wand of digging (24/24)
 E - a wand of iceblast (6/15)
 F - a wand of flame (31/48)
 I - a wand of lightning (11/15)
 O - a wand of enslavement (7/24)
 Q - a wand of digging (8/24)
 T - a wand of iceblast (8/15)
 U - a wand of lightning (10/15)
 W - a wand of flame (20/48)
Scrolls
 p - 4 scrolls of teleportation
 r - 2 scrolls of fog
 u - 6 scrolls of remove curse
 y - 4 scrolls of magic mapping
 D - a scroll of enchant armour
 N - a scroll of enchant weapon
 X - a scroll of vulnerability {unknown}
 Y - a scroll of identify
Potions
 d - 2 potions of brilliance
 e - 4 potions of haste
 f - 4 potions of degeneration
 g - 2 potions of flight
 h - a potion of invisibility {unknown}
 i - 9 potions of curing
 j - 2 potions of ambrosia
 l - 2 potions of cancellation
 x - 4 potions of berserk rage {unknown}
 z - a potion of mutation {unknown}
 B - 5 potions of might {unknown}
 H - 2 potions of heal wounds
 S - a potion of beneficial mutation {unknown}
Books
 b - a book of Conjurations

   Spells                             Type                      Level
   a - Magic Dart                     Conjuration                  1
   b - Searing Ray                    Conjuration                  2
   c - Dazzling Spray                 Conjuration/Hexes            3
   d - Fulminant Prism                Conjuration/Hexes            4
   e - Iskenderun's Mystic Blast      Conjuration                  4
   f - Iskenderun's Battlesphere      Conjuration/Charms           5
 J - a book of Flames

   Spells                             Type                      Level
   a - Flame Tongue                   Conjuration/Fire             1
   b - Throw Flame                    Conjuration/Fire             2
   c - Conjure Flame                  Conjuration/Fire             3
   d - Inner Flame                    Hexes/Fire                   3
   e - Sticky Flame                   Conjuration/Fire             4
   f - Fireball                       Conjuration/Fire             5
 L - a book of Enchantments

   Spells                             Type                      Level
   a - Cause Fear                     Hexes                        4
   b - Yara's Violent Unravelling     Hexes/Transmutation          5
   c - Silence                        Hexes/Air                    5
   d - Deflect Missiles               Charms/Air                   6
   e - Discord                        Hexes                        8
Comestibles
 c - 5 bread rations
 k - 7 meat rations
 q - 2 beef jerkies
 v - 8 royal jellies
 R - 2 slices of pizza


   Skills:
 + Level 9.1 Fighting
 - Level 9.3 Dodging
 - Level 2.4 Stealth
 + Level 14.1 Spellcasting
 + Level 12.7 Conjurations
 - Level 8.2 Charms
 * Level 10.7 Fire Magic
 * Level 7.6 Air Magic


You had 7 spell levels left.
You knew the following spells:

 Your Spells              Type           Power        Failure   Level  Hunger
a - Magic Dart            Conj           ####         1%          1    None
b - Searing Ray           Conj           ######       1%          2    None
c - Iskenderun's Mystic   Conj           ######..     1%          4    None
d - Iskenderun's Battles  Conj/Chrm      ######..     1%          5    ##.....
e - Sticky Flame          Conj/Fire      #######.     1%          4    None
f - Fireball              Conj/Fire      #######...   1%          5    ##.....
g - Conjure Flame         Conj/Fire      #######.     1%          3    None
h - Mephitic Cloud        Conj/Pois/Air  ######..     1%          3    None
i - Deflect Missiles      Chrm/Air       ######....   14%         6    ####...


Dungeon Overview and Level Annotations

Branches:
Dungeon (10/15)            Temple (1/1) D:5            Lair (6/6) D:10
  Swamp (0/4) Lair:2        Snake (0/4) Lair:4
  Slime: Lair:5-6       Orc: D:9-12

Altars:
Ashenzari
Cheibriados
Dithmenos
Elyvilon
Fedhas
Gozag
Kikubaaqudgha
Makhleb
Nemelex Xobeh
Okawaru
Qazlal
Ru
Trog
Uskayaw
Vehumet
Xom
Yredelemnul
Zin
The Shining One

Shops:
D:5 (   D:6 (   D:8 *

Annotations:
D:9 Jano's ghost, novice DsGl
Lair:6 exclusion: 4 oklob plants


Message History

The polar bear claws you.
* * * LOW HITPOINT WARNING * * *
The polar bear closely misses you.
Your battlesphere fires!
The barrage of energy hits the polar bear.
You kill the polar bear!
Vehumet accepts your kill.
A crocodile comes into view.
As you read the scroll labeled DANERO FOCIOCW, it crumbles to dust.
A profound silence engulfs you.
It was a scroll of silence.
You are feeling very hungry.
The catoblepas breathes a plume of calcifying dust at you.
The blast of calcifying dust hits you!
* * * LOW HITPOINT WARNING * * *
The polar bear completely misses you. x2
The polar bear claws you but does no damage.
Okay, then.
Unknown command.
The catoblepas gores you!!
You die...

≈ ≈P≈≈.....# ≈≈≈≈P...## ≈≈
#≈≈≈#≈##.....## ≈≈≈
#≈≈≈≈≈##≈.$.P.. ≈≈≈
#≈≈≈≈≈≈≈....... ≈
#≈≈P≈≈≈≈....... ≈≈≈≈
≈≈#≈##≈......
#########..#######.≈.#.......
≈≈≈≈≈≈≈≈≈#≈≈≈≈≈≈@*≈P≈≈≈......
≈≈≈≈≈≈≈≈≈≈≈≈≈≈≈Y§§≈§§§.......
.#≈≈.#≈≈#.≈≈##≈≈##h≈##.......
#.≈≈##≈≈##≈≈##≈≈..P≈#..#.....
..≈≈≈...≈...≈≈..≈..≈k≈.......
PP.≈............##...≈... ...
....<......##..........#.. ..
.###.###...##.....#....t... .
.##..# #...#.....##.........


You could see a catoblepas, a polar bear, a rime drake, a crocodile and a
friendly battlesphere.

Vanquished Creatures
  Gastronok (Lair:1)
  6 hydras
  3 two-headed ogres
  6 death yaks
  Nergalle (Lair:1)
  Sonja (Lair:1)
  2 sea snakes (Lair:6)
  A harpy (Lair:6)
  2 ugly things
  3 elephants (Lair:6)
  2 black mambas
  8 spiny frogs
  8 komodo dragons
  A rime drake (Lair:4)
  A troll (D:9)
  A queen bee (D:10)
  A wind drake (Lair:6)
  A polar bear (Lair:6)
  A hornet (Lair:6)
  Prince Ribbit (D:5)
  6 blink frogs
  7 dream sheep
  8 hippogriffs
  3 wyverns
  Sigmund (D:2)
  2 hungry ghosts
  Eustachio (D:5)
  8 basilisks
  42 yaks
  2 steam dragons
  Menkaure (D:5)
  5 nagas (Lair:4)
  Edmund (D:5)
  15 water moccasins
  14 porcupines
  2 orc warriors
  A sky beast (D:7)
  4 phantoms
  An ogre (D:5)
  8 wolves (Lair:3)
  2 centaurs
  12 crocodiles
  A big kobold (D:10)
  10 bullfrogs
  4 scorpions
  16 killer bees
  4 wights
  5 crimson imps
  A howler monkey (D:8)
  A quasit (D:6)
  6 jellies
  4 hounds
  4 orc priests
  4 orc wizards
  3 bullfrog skeletons
  5 iguanas
  2 centaur skeletons
  Terence (D:2)
  A worker ant (D:7)
  A killer bee zombie (D:5)
  6 adders
  8 gnolls
  3 shadow imps
  2 adder skeletons
  A worm (D:2)
  11 dart slugs
  7 leopard geckos
  18 orcs
  A ball python (D:5)
  6 bats
  10 giant cockroaches
  7 goblins
  3 hobgoblins
  3 jackals (D:2)
  4 quokkas
  3 frilled lizards
  A jackal zombie (D:8)
  7 kobolds
  A leopard gecko zombie (D:6)
  A quokka skeleton (D:7)
  6 rats
  A fungus (Lair:3)
380 creatures vanquished.

Vanquished Creatures (others)
  16 fungi
  39 plants
55 creatures vanquished.

Grand Total: 435 creatures vanquished

Notes
Turn   | Place    | Note
-------+----------+-------------------------------------------
     0 | D:1      | RogueShenanigans the Deep Elf Conjurer began the quest for the Orb.
     0 | D:1      | Reached XP level 1. HP: 10/10 MP: 6/6
   170 | D:1      | Reached XP level 2. HP: 15/15 MP: 6/8
   181 | D:1      | Learned a level 2 spell: Searing Ray
   514 | D:1      | Reached skill level 5 in Conjurations
   876 | D:2      | Reached XP level 3. HP: 19/19 MP: 6/10
   934 | D:2      | Noticed Sigmund
  1190 | D:2      | Reached skill level 4 in Spellcasting
  1541 | D:3      | Found a glowing drain.
  1634 | Sewer    | Entered a sewer
  1716 | Sewer    | Noticed a crocodile
  1732 | Sewer    | Killed a crocodile
  1732 | Sewer    | Reached skill level 5 in Spellcasting
  1732 | Sewer    | Reached XP level 4. HP: 5/24 MP: 0/13
  2100 | D:3      | Reached XP level 5. HP: 26/28 MP: 7/14
  2106 | D:3      | Learned a level 4 spell: Iskenderun's Mystic Blast
  2179 | D:3      | Learned a level 5 spell: Iskenderun's Battlesphere
  2401 | D:3      | Found a burning altar of Makhleb.
  2404 | D:3      | Found a stormy altar of Qazlal.
  2407 | D:3      | Found a bloodstained altar of Trog.
  2410 | D:3      | Found an ancient bone altar of Kikubaaqudgha.
  2862 | D:4      | Reached skill level 1 in Charms
  3399 | D:4      | Reached XP level 6. HP: 32/32 MP: 9/16
  3445 | D:4      | Reached skill level 6 in Spellcasting
  3904 | D:2      | Killed Sigmund
  3904 | D:2      | Reached skill level 5 in Charms
  3904 | D:2      | Reached XP level 7. HP: 36/36 MP: 10/18
  3987 | D:2      | Noticed Terence
  3998 | D:2      | Killed Terence
  4313 | D:5      | Entered Level 5 of the Dungeon
  4408 | D:5      | Found an iron altar of Okawaru.
  4486 | D:5      | Noticed Prince Ribbit
  4491 | D:5      | Killed Prince Ribbit
  4491 | D:5      | Reached skill level 1 in Fighting
  4491 | D:5      | Reached skill level 7 in Spellcasting
  5013 | D:5      | Reached XP level 8. HP: 41/43 MP: 18/21
  5014 | D:5      | Found a staircase to the Ecumenical Temple.
  5017 | D:5      | Found Ynelics's Weapon Shop.
  5021 | Temple   | Entered the Ecumenical Temple
  5033 | Temple   | Became a worshipper of Vehumet
  5077 | D:5      | Noticed Menkaure
  5083 | D:5      | Killed Menkaure
  5164 | D:5      | Noticed Edmund
  5471 | D:5      | Killed Edmund
  5909 | D:5      | Reached skill level 8 in Spellcasting
  5966 | D:5      | Noticed Eustachio
  5983 | D:5      | Killed Eustachio
  6514 | D:6      | Found Icuphuf's Weapon Shop.
  6805 | D:6      | Reached XP level 9. HP: 51/51 MP: 19/23
  6816 | D:6      | Reached * piety under Vehumet
  6816 | D:6      | Offered knowledge of Sandblast by Vehumet.
  7244 | D:7      | Found a shimmering altar of Xom.
  7531 | D:7      | Found a burning altar of Makhleb.
  7630 | D:7      | Found a glowing silver altar of Zin.
  8004 | D:8      | Reached skill level 9 in Spellcasting
  8114 | D:8      | Found Ybulueh's General Store.
  8185 | D:8      | Noticed a two-headed ogre
  8196 | D:8      | Killed a two-headed ogre
  8196 | D:8      | Reached skill level 5 in Dodging
  8322 | D:8      | Reached skill level 5 in Fighting
  8437 | D:8      | Found a glowing golden altar of the Shining One.
  8904 | D:9      | Reached XP level 10. HP: 59/59 MP: 17/25
  9163 | D:9      | Noticed Jano's ghost (novice DsGl)
  9304 | D:9      | Reached skill level 10 in Spellcasting
  9565 | D:9      | Reached ** piety under Vehumet
  9589 | D:9      | Offered knowledge of Sting by Vehumet.
 10015 | D:9      | Noticed a brown ugly thing
 10019 | D:9      | Killed a brown ugly thing
 10019 | D:9      | Reached skill level 10 in Conjurations
 10274 | D:10     | Entered Level 10 of the Dungeon
 10274 | D:10     | Noticed a two-headed ogre
 10281 | D:10     | Killed a two-headed ogre
 10597 | D:10     | Noticed a purple ugly thing
 10619 | D:10     | Killed a purple ugly thing
 10810 | D:10     | Reached skill level 11 in Spellcasting
 10908 | D:10     | Found a staircase to the Lair.
 10914 | D:10     | Reached XP level 11. HP: 66/66 MP: 19/28
 10938 | D:10     | Offered knowledge of Mephitic Cloud by Vehumet.
 11173 | D:10     | Reached *** piety under Vehumet
 11417 | D:10     | Noticed a two-headed ogre
 11423 | D:10     | Killed a two-headed ogre
 11575 | D:10     | Learned a level 4 spell: Sticky Flame
 11581 | D:10     | Learned a level 5 spell: Fireball
 11585 | D:10     | Learned a level 3 spell: Conjure Flame
 11589 | D:10     | Learned a level 3 spell: Mephitic Cloud
 11903 | D:10     | Reached skill level 1 in Fire Magic
 11916 | Lair:1   | Entered Level 1 of the Lair of Beasts
 12013 | Lair:1   | Noticed Sonja
 12025 | Lair:1   | Killed Sonja
 12510 | Lair:1   | Noticed Nergalle
 12519 | Lair:1   | Killed Nergalle
 12519 | Lair:1   | Reached skill level 12 in Spellcasting
 12673 | Lair:1   | Noticed Gastronok
 12771 | Lair:1   | Killed Gastronok
 12771 | Lair:1   | Offered knowledge of Ignite Poison by Vehumet.
 12879 | Lair:1   | Reached skill level 5 in Fire Magic
 13192 | Lair:2   | Found a staircase to the Swamp.
 13195 | Lair:2   | Reached XP level 12. HP: 73/73 MP: 21/30
 13864 | Lair:2   | Learned a level 6 spell: Deflect Missiles
 14025 | Lair:2   | Reached skill level 1 in Air Magic
 14968 | Lair:3   | Reached **** piety under Vehumet
 15000 | Lair:3   | Noticed a seven-headed hydra
 15012 | Lair:2   | Offered knowledge of Poisonous Cloud by Vehumet.
 15271 | Lair:3   | Killed a seven-headed hydra
 15699 | Lair:4   | Reached skill level 13 in Spellcasting
 15979 | Lair:4   | Noticed a five-headed hydra
 15982 | Lair:4   | Killed a five-headed hydra
 16075 | Lair:4   | Found a staircase to the Snake Pit.
 16103 | Lair:4   | Noticed an eight-headed hydra
 16104 | Lair:4   | Killed an eight-headed hydra
 16104 | Lair:4   | Reached skill level 5 in Air Magic
 16708 | Lair:4   | Reached XP level 13. HP: 79/79 MP: 26/32
 18307 | Lair:6   | Entered Level 6 of the Lair of Beasts
 18633 | Lair:6   | Reached ***** piety under Vehumet
 18956 | Lair:6   | Offered knowledge of Delayed Fireball by Vehumet.
 19000 | Lair:6   | Reached skill level 10 in Fire Magic
 19180 | Lair:5   | Reached skill level 14 in Spellcasting
 19666 | Lair:6   | Paralysed by a hornet for 1 turns
 19829 | Lair:6   | Mangled by a catoblepas

Vault maps used:
D:1:      dpeg_arrival_round_c, nrook_loot_triangle
D:2:      uniq_terence, uniq_sigmund
D:3:      grunt_temple_overflow_cloverleaf, gup_sewer_entry_pipe
D:4:      kennysheep_slugbush
D:5:      okawaru_ov_weapons_minmay, serial_shops, nicolae_shop_trees,
          first_bread, uniq_prince_ribbit1, uniq_eustachio, uniq_menkaure,
          uniq_edmund
D:6:      serial_shops, nicolae_shop_behind_doors
D:7:      xom_teletrap_fun, lemuel_crystal_altar, makhleb_heckhound_becter
D:8:      old_standard_altar, serial_shops, nicolae_shop_crystal
D:10:     minmay_lair_entry_grove, david_nohive_1
Temple:   cyrus_circular_temple
Lair:1:   uniq_gastronok, uniq_sonja, uniq_nergalle
Lair:2:   swamp_mist, wad_woods_river_01
Lair:4:   minmay_snake_entry_guardpost_large, serial_forest,
          infiniplex_forest_corner_2, infiniplex_forest_clump_medium,
          infiniplex_forest_lined_room_2, infiniplex_forest_lined_1,
          infiniplex_forest_end_2, infiniplex_forest_clump_double,
          infiniplex_forest_diagonal, minmay_holes, serial_bayou_shore_b
Lair:6:   gammafunk_lair_ancient_temple, slime_altar_1,
          kennysheep_basilisk_garden, infiniplex_staircase_pool,
          serial_bayou_shore_b, minmay_lair_oklob_chamber
Sewer:    sewer_big_baddie

Skill      XL: |  1  2  3  4  5  6  7  8  9 10 11 12 13 |
---------------+----------------------------------------+-----
Conjurations   | 5 6 7 8 9 10 11 12 | 12.7
Spellcasting   | 5 6 7 8 9 11 12 13 14 | 14.1
Charms         | 2 5 6 8 |  8.2
Fighting       | 1 3 5 6 7 8 9 |  9.1
Dodging        | 3 6 8 9 |  9.3
Fire Magic     | 5 8 10 | 10.7
Air Magic      | 5 7 |  7.6
Stealth        | |  2.4

Action                   |  1- 3 |  4- 6 |  7- 9 | 10-12 | 13-15 || total
-------------------------+-------+-------+-------+-------+-------++-------
Melee: Dagger            |     3 |    20 |     7 |     6 |       ||    36
 Cast: Magic Dart        |    76 |    85 |   261 |   314 |    92 ||   828
       Searing Ray       |     3 |     1 |     1 |       |       ||     5
       Iskenderun's Batt |       |     2 |    28 |    77 |    27 ||   134
       Iskenderun's Myst |       |     2 |    10 |    46 |    59 ||   117
       Fireball          |       |       |       |    24 |    13 ||    37
       Sticky Flame      |       |       |       |    18 |    17 ||    35
       Mephitic Cloud    |       |       |       |     4 |       ||     4
  Use: Scroll            |     4 |     2 |     1 |    13 |     1 ||    21
       Potion            |     1 |       |       |       |     1 ||     2
  Eat: Chunk             |     1 |     4 |    14 |    25 |     3 ||    47
       Bread ration      |     1 |       |     1 |       |       ||     2
       Beef jerky        |       |       |     1 |       |       ||     1
       Royal jelly       |       |       |     1 |       |       ||     1
       Meat ration       |       |       |       |     2 |     1 ||     3
       Pizza             |       |       |       |     1 |       ||     1
Armor: Robe              |     5 |     3 |    10 |       |       ||    18
       Skin              |     2 |       |       |       |       ||     2
       Troll leather arm |       |       |       |    32 |    21 ||    53
Dodge: Dodged            |    11 |    17 |    49 |   163 |    60 ||   300
